 Dungeon Sprint DCSS version 0.29-a0-723-gce39da1c22 (webtiles) character file.

Game seed: 12786854791975407361

253 manyhoops the Cleaver (level 6, -6/47 HPs)
             Began as a Formicid Fighter on June 28, 2022.
             Mangled by a neqoxec (8 damage)
             ... in the Dungeon (Sprint II: "The Violet Keep of Menkaure").
             The game lasted 00:00:17 (24 turns).

manyhoops the Cleaver (Formicid Fighter)              Turns: 24, Time: 00:00:18

Health: -6/47      AC:  3    Str: 21      XL:     6   Next: 37%
Magic:  5/5        EV:  9    Int:  6 (7)  God:
Gold:   0          SH:  5    Dex: 13      Spells: 5/5 levels left

rFire   . . .      SeeInvis +   a - +0 war axe
rCold   . . .      Faith    .   c - +0 buckler
rNeg    . . .      Spirit   .   b - +0 scale mail
rPois   .          Reflect  .   (helmet unavailable)
rElec   .          Harm     .   (no cloak)
rCorr   .          Rampage  .   (no gloves)
Will    .....                   (no boots)
Stlth   ..........              (no amulet)
HPRegen 0.15/turn               (no ring)
MPRegen 0.09/turn               (no ring)

@: mighty, slowed, lost intelligence, unable to read, very slow
A: permanent stasis, dig shafts and tunnels, antennae 3, four strong arms,
deformed body, deterioration 1, low MP 1, weak 1
a: Dig


You were in the Dungeon.
You visited 1 branch

Inventory:

Hand Weapons
 a - a +0 war axe (weapon)
Armour
 b - a +0 scale mail (worn)
 c - a +0 buckler (worn)
Potions
 e - a potion of curing
 g - 2 potions of magic


   Skills:
 - Level 3.2 Fighting
 + Level 12.3 Axes
 - Level 3.2 Armour
 - Level 4.0 Shields


You had 5 spell levels left.
You didn't know any spells.
Your spell library was empty.

Dungeon Overview and Level Annotations

Branches:
Dungeon (1/1)

Altars:


Innate Abilities, Weirdness & Mutations

You cannot be hasted, slowed, berserked, paralysed or teleported.
You can dig through walls and to a lower floor.
You have a pair of large antennae on your head. (SInv)
Your four strong arms can wield two-handed weapons with a shield.
Armour fits poorly on your strangely shaped body.
Your body sometimes deteriorates upon taking damage.
Your magical capacity is low. (-10% MP)
You are weak. (Str -2)


Message History

You hit the neqoxec.
The neqoxec is almost dead.
The neqoxec gestures at you.
You feel dopey.
You have lost your intelligence.
Something feeds on your intellect! The neqoxec hits you.
The neqoxec gestures at you.
Strange energies course through your body.
You feel less energetic. The neqoxec gestures at you.
Strange energies course through your body.
You feel weaker. The neqoxec hits you.
You can move again.
Unknown command.
You barely miss the neqoxec.
The neqoxec is almost dead.
The neqoxec gestures at you.
You feel dopey. Something feeds on your intellect!
Unknown command.
You slash the neqoxec!
You kill the neqoxec!
The neqoxec closely misses you.
You feel your intelligence returning.
Your Axes skill gained 3 levels and is now at level 12!
You have reached level 6!
You slash the neqoxec!
The neqoxec is moderately wounded.
The neqoxec hits you.
* * * LOW HITPOINT WARNING * * *
You closely miss the neqoxec.
The neqoxec is moderately wounded.
The neqoxec hits you!
* * * LOW HITPOINT WARNING * * *
Your body deteriorates!
You feel dopey.
Unknown command.
You closely miss the neqoxec.
The neqoxec is moderately wounded.
The neqoxec hits you!
You die...

{ {
##
###
.##..
.3. {
#3# {
{
##@##
+.<.+
{
##.##
{ #+#
{ {


You could see 2 neqoxecs.

Vanquished Creatures
  2 neqoxecs (D)
2 creatures vanquished.

Vanquished Creatures (others)
  A water moccasin (D)
1 creature vanquished.

Grand Total: 3 creatures vanquished

Notes
Turn   | Place    | Note
-------+----------+-------------------------------------------
     0 | D        | manyhoops the Formicid Fighter began the quest for the Orb.
     0 | D        | Reached XP level 1. HP: 18/18 MP: 1/1
     1 | D        | Noticed a neqoxec
     1 | D        | Noticed a neqoxec
     1 | D        | Noticed a neqoxec
     1 | D        | Noticed a neqoxec
     9 | D        | Killed a water moccasin
    11 | D        | Killed a neqoxec
    11 | D        | Gained mutation: Your body sometimes deteriorates upon
                  | taking damage. [a neqoxec]
    12 | D        | Reached skill level 9 in Axes
    12 | D        | Reached XP level 2. HP: 9/24 MP: 2/2
    12 | D        | Reached XP level 3. HP: 11/29 MP: 3/3
    12 | D        | Reached XP level 4. HP: 13/35 MP: 4/4
    12 | D        | Reached XP level 5. HP: 15/41 MP: 5/5
    14 | D        | Gained mutation: Armour fits poorly on your strangely
                  | shaped body. [a neqoxec]
    17 | D        | Lost intelligence.
    17 | D        | Gained mutation: Your magical capacity is low. (-10% MP) [a
                  | neqoxec]
    18 | D        | Gained mutation: You are weak. (Str -2) [a neqoxec]
    21 | D        | Killed a neqoxec
    22 | D        | Reached skill level 12 in Axes
    22 | D        | Reached XP level 6. HP: 16/47 MP: 5/5
    23 | D        | HP: 1/47 [neqoxec (12)]
    24 | D        | Mangled by a neqoxec

Illustrated notes

Levels and vault maps discovered:
D:        the_violet_keep_of_menkaure [sprint2_stairs_cluster_1,
          sprint2_shoproom, sprint2_temple, sprint2_basic_supplies,
          sprint2_obstacle_4, sprint2_obstacle_1, sprint2_obstacle_2,
          sprint2_obstacle_7, sprint2_obstacle_5, sprint2_timed_cluster_1,
          sprint2_smallroom_cluster_1, sprint2_smallroom_final_cluster_1,
          sprint2_transparent_cluster_1, sprint2_second_timed_cluster_1,
          sprint2_sniper_area_1, sprint2_heavy_combat_area_1,
          sprint2_mutation_trap_area_1, sprint2_forest_area_1,
          sprint2_light_combat_area_1, sprint2_behind_water_1,
          sprint2_near_end_vault_1]

Skill      XL: |  1  2  3  4  5 |
---------------+----------------+-----
Axes           | 9 12 | 12.3
Fighting       | |  3.2
Armour         | |  3.2
Shields        | |  4.0

Action                   |  1- 3 |  4- 6 || total
-------------------------+-------+-------++-------
Melee: War axe           |     9 |    10 ||    19
  Use: Potion            |     1 |     1 ||     2
Armor: Scale mail        |     2 |       ||     2
Dodge: Dodged            |     5 |     1 ||     6
Block: Buckler           |     3 |     1 ||     4

Table legend: (Time is in decaauts)
 A = Elapsed time spent in this place.
 B = Non-inter-level travel time spent in this place.
 C = Inter-level travel time spent in this place.
 D = Time resting spent in this place.
 E = Time spent auto-exploring this place.
 F = Levels seen in this place.
 G = Mean time per level.
                   A        B        C        D        E       F      G
               +--------+--------+--------+--------+--------+-----+--------+
         Total |     29 |     29 |      0 |      0 |      0 |   1 |   29.0 |
       Dungeon |     29 |     29 |      0 |      0 |      0 |   1 |   29.0 |
               +--------+--------+--------+--------+--------+-----+--------+

Top non-repeatable levels by time:
       D: 29 daAuts
